 Dungeon Crawl Stone Soup version 0.29-a0-648-g6b26cc9f40 (webtiles) character file.

Game seed: 12224580372810821699

729 miscthings the Destroyer (level 8, -6/57 HPs)
             Began as a Meteoran Conjurer on June 21, 2022.
             Mangled by an ice beast (9 damage)
             ... on level 5 of the Dungeon.
             The game lasted 00:09:26 (2497 turns).

miscthings the Destroyer (Meteoran Conjurer)        Turns: 2497, Time: 00:09:27

Health: -6/57      AC:  2    Str:  8    XL:     8   Next: 23%
Magic:  3/17       EV: 12    Int: 21    God:
Gold:   155        SH:  0    Dex: 14    Spells: 6/17 levels left

rFire   . . .      SeeInvis .   l - +2 dagger (venom)
rCold   . . .      Faith    .   (no shield)
rNeg    . . .      Spirit   .   a - +0 robe
rPois   .          Reflect  .   (no helmet)
rElec   .          Harm     .   (no cloak)
rCorr   .          Rampage  .   (no gloves)
Will    +....                   (no boots)
Stlth   +.........              (no amulet)
HPRegen 0.19/turn               h - ring of wizardry
MPRegen 0.15/turn               (no ring)

@: glowing
A: sense surroundings 1, otherworldly, glowing, explore regen
a: no special abilities


You were on level 5 of the Dungeon.
You visited 1 branch of the dungeon, and saw 5 of its levels.

You collected 155 gold pieces.

Inventory:

Hand Weapons
 l - a +2 dagger of venom (weapon)
Armour
 a - a +0 robe (worn)
Jewellery
 h - a ring of wizardry (left hand)
Wands
 m - a wand of polymorph (5)
Scrolls
 e - a scroll of enchant armour {unknown}
 f - a scroll of immolation
 i - a scroll of magic mapping {unknown}
 k - 2 scrolls of torment {unknown}
Potions
 b - a potion of magic
 c - 2 potions of curing
 d - 2 potions of attraction
 g - a potion of lignification {unknown}
 j - 4 potions of heal wounds {unknown}


   Skills:
 - Level 2.4 Dodging
 - Level 1.4 Stealth
 + Level 5.4 Spellcasting
 * Level 8.3 Conjurations
 + Level 3.4 Hexes
 + Level 3.4 Translocations


You had 6 spell levels left.
You knew the following spells:

 Your Spells              Type           Power      Damage    Failure   Level
a - Searing Ray           Conj           82%        2d7       1%          2
b - Magic Dart            Conj           100%       1d8       1%          1
c - Fulminant Prism       Conj/Hex       15%        3d11      3%          4
e - Iskenderun's Mystic   Conj/Tloc      30%        2d8       3%          4

Your spell library contained the following spells:

 Spells                   Type           Power      Damage    Failure   Level
 Dazzling Flash           Conj/Hex       60%        N/A       1%          3
 Gell's Gravitas          Tloc           20%        N/A       3%          3
 Portal Projectile        Hex/Tloc       40%        N/A       3%          3
 Teleport Other           Tloc           20%        N/A       3%          3
 Poisonous Vapours        Pois/Air       10%        N/A       6%          2
 Call Canine Familiar     Summ           5%         N/A       12%         3
 Leda's Liquefaction      Hex/Erth       6%         N/A       21%         4
 Corpse Rot               Necr/Pois/Air  5%         N/A       38%         4
 Dispersal                Tloc           10%        N/A       80%         6


Dungeon Overview and Level Annotations

Branches:
Dungeon (5/15) Zot: 484
 Temple: D:4-7

Altars:


Innate Abilities, Weirdness & Mutations

You passively map a small area around you.
You are easily found by Zot.
You glow in the dark.
You regain HP and MP as you explore.


Message History

A fulminant prism comes into view.
Your fulminant prism crackles loudly.
Casting: Fulminant Prism (dangerous; 3% risk of failure)
Confirm with . or Enter, or press ? or * to list all spells.
Aiming: Searing Ray (safe; 1% risk of failure)
Press: ? - help, Shift-Dir - straight line The searing ray misses the ice beast. (Press . to maintain the ray.)
Your fulminant prism explodes!
The blast of energy engulfs the ice beast!
The ice beast is almost dead.
The searing ray misses the ice beast.
The ice beast hits you. The ice beast freezes you!
The searing ray misses the ice beast.
The ice beast barely misses you.
Without enough magic to sustain it, your searing ray dissipates.
The ice beast misses you.
Casting: Searing Ray (safe; 1% risk of failure)
Confirm with . or Enter, or press ? or * to list all spells.
You don't have enough magic to cast this spell.
Things that are here:
a +0 dagger; a +0 chain mail The ice beast attacks as you move away!
The ice beast barely misses you.
You see here a hound corpse.
The ice beast attacks as you move away! The ice beast hits you.
The ice beast freezes you.
You see here a +0 dagger.
A gnoll comes into view. It is wielding a +0 halberd.
The ice beast attacks as you move away! The ice beast hits you.
The ice beast freezes you. The ice beast attacks as you move away!
The ice beast hits you. The ice beast freezes you!
* * * LOW HITPOINT WARNING * * *
The ice beast attacks as you move away! The ice beast hits you.
* * * LOW HITPOINT WARNING * * *
The ice beast freezes you!
* * * LOW HITPOINT WARNING * * *
The ice beast attacks as you move away! The ice beast hits you.
* * * LOW HITPOINT WARNING * * *
The ice beast freezes you!
You die...

#####♣♣g...♣ * .).,
############ * .
.##........## , * ,
, ............##
**** * ,
.............#######
...................#
,
.......#########..##
, .......g## ##@.#*
, .........## ##.Y##
, , , ..........#
##..##
..........###..## ,,
.).........#..## *
#...........)## * *
#............#
............##
..#####....## *


You could see an ice beast.

Vanquished Creatures
  2 ogres (D:5)
  A phantom (D:4)
  A scorpion (D:4)
  A hound (D:5)
  Ijyb (D:5)
  An iguana (D:3)
  An orc wizard (D:3)
  13 gnolls
  11 adders
  An ufetubus (D:5)
  2 worms (D:2)
  A dart slug (D:1)
  7 orcs
  4 bats
  An endoplasm (D:4)
  4 giant cockroaches
  8 goblins
  4 hobgoblins
  4 jackals (D:2)
  8 kobolds
  6 quokkas
  8 ball pythons
  8 frilled lizards
  3 rats
101 creatures vanquished.

Vanquished Creatures (others)
  9 fulminant prisms
9 creatures vanquished.

Grand Total: 110 creatures vanquished

Notes
Turn   | Place    | Note
-------+----------+-------------------------------------------
     0 | D:1      | miscthings the Meteoran Conjurer began the quest for the
                  | Orb.
     0 | D:1      | Reached XP level 1. HP: 14/14 MP: 5/5
   103 | D:1      | Reached skill level 5 in Conjurations
   103 | D:1      | Reached XP level 2. HP: 18/20 MP: 4/7
   117 | D:1      | Learned a level 2 spell: Searing Ray
   348 | D:1      | Found a faded altar of an unknown god.
   386 | D:1      | Reached XP level 3. HP: 7/26 MP: 5/8
   500 | D:1      | Glimpsed the power of Zot.
   550 | D:1      | Glimpsed the power of Zot.
   601 | D:2      | Reached XP level 4. HP: 29/33 MP: 3/10
   712 | D:2      | Reached skill level 6 in Conjurations
   735 | D:2      | Reached XP level 5. HP: 23/38 MP: 1/12
   785 | D:2      | Learned a level 4 spell: Fulminant Prism
   790 | D:2      | Learned a level 4 spell: Iskenderun's Mystic Blast
  1079 | D:2      | Glimpsed the power of Zot.
  1266 | D:3      | Reached skill level 1 in Hexes
  1266 | D:3      | Reached skill level 1 in Translocations
  1266 | D:3      | Reached XP level 6. HP: 45/45 MP: 5/13
  1428 | D:3      | Reached skill level 7 in Conjurations
  1930 | D:4      | Reached XP level 7. HP: 50/50 MP: 11/15
  2195 | D:5      | Entered Level 5 of the Dungeon
  2265 | D:5      | Reached skill level 5 in Spellcasting
  2334 | D:5      | Reached skill level 8 in Conjurations
  2382 | D:5      | Reached XP level 8. HP: 29/57 MP: 3/17
  2457 | D:5      | Noticed Ijyb
  2461 | D:5      | Killed Ijyb
  2497 | D:5      | Mangled by an ice beast

Illustrated notes

Levels and vault maps discovered:
D:1:      erik_arrival_triangle_small, layout_rooms,
          hellmonk_ecumenical_altar_blasted,
          nicolae_concentric_dashed_squares_mild, dreamdust_princess_bridge
D:2:      wander_river, layout_basic, hangedman_decor_slide_cut
D:3:      layout_loops_ring, kennysheep_generic_room_15
D:4:      layout_loops_ring
D:5:      layout_cave_pods, serial_shops, nicolae_square_shop, shop,
          pf_guarded_unrand_woodcutter, uniq_ijyb

Skill      XL: |  1  2  3  4  5  6  7 |
---------------+----------------------+-----
Spellcasting   | 3 4 5 |  5.4
Conjurations   | 5 6 7 8 |  8.3
Hexes          | 1 2 3 |  3.4
Translocations | 1 2 3 |  3.4
Dodging        | |  2.4
Stealth        | |  1.4

Action                   |  1- 3 |  4- 6 |  7- 9 || total
-------------------------+-------+-------+-------++-------
Melee: Dagger            |       |     2 |     1 ||     3
 Cast: Magic Dart        |    22 |    10 |       ||    32
       Searing Ray       |     6 |    40 |    21 ||    67
       Fulminant Prism   |       |     1 |     8 ||     9
       Iskenderun's Myst |       |       |     1 ||     1
  Use: Scroll            |       |     2 |       ||     2
Armor: Robe              |    11 |     8 |     2 ||    21
Dodge: Dodged            |    23 |    23 |    11 ||    57

Table legend: (Time is in decaauts)
 A = Elapsed time spent in this place.
 B = Non-inter-level travel time spent in this place.
 C = Inter-level travel time spent in this place.
 D = Time resting spent in this place.
 E = Time spent auto-exploring this place.
 F = Levels seen in this place.
 G = Mean time per level.
                   A        B        C        D        E       F      G
               +--------+--------+--------+--------+--------+-----+--------+
         Total |   2516 |   2405 |    111 |     89 |   1554 |   5 |  503.2 |
       Dungeon |   2516 |   2405 |    111 |     89 |   1554 |   5 |  503.2 |
               +--------+--------+--------+--------+--------+-----+--------+

Top non-repeatable levels by time:
     D:4: 615 daAuts
     D:1: 577 daAuts
     D:2: 551 daAuts
     D:3: 469 daAuts
     D:5: 301 daAuts
